 Dungeon Crawl Stone Soup version 0.31-a0-431-g88bdf31460 (webtiles) character file.

Game seed: 4207304747967709765

91762 experimilk the Brawler (level 15, -2/158 HPs)
             Began as a Troll Gladiator on July 30, 2023.
             Was an Initiate of Gozag.
             Succumbed to a redback's poison
             ... on level 1 of the Spider Nest on July 31, 2023.
             The game lasted 01:28:58 (35312 turns).

experimilk the Brawler (Troll Gladiator)           Turns: 35312, Time: 01:28:59

Health: -2/158     AC: 10    Str: 29 (30) XL:     15   Next: 55%
Magic:  14/14      EV: 12    Int:  4      God:    Gozag
Gold:   1276       SH:  0    Dex:  9 (13) Spells: 14/14 levels left

rFire   . .          .
                       - Unarmed
rCold   + . .        (no shield)
rNeg    . . .        H - +2 animal skin
rPois   .            b - +1 hat
rElec   .            t - +2 cloak {rC+}
rCorr   +            (gloves unavailable)
SInv    +            (boots unavailable)
Will    +....        P - amulet of the acrobat
Stlth   +            n - ring of see invisible
HPRegen 1.26/turn    j - ring of resist corrosion
MPRegen 0.14/turn

%: acrobat
@: lethally poisoned (-2 -> -63)
A: large, unfitting armour, claws 3, regeneration 1, shaggy fur 1, tough skin 1
a: Renounce Religion, Potion Petition, Call Merchant, Bribe Branch


You were on level 1 of the Spider Nest.
You worshipped Gozag.
Gozag was most pleased with you.
You visited 3 branches of the dungeon, and saw 21 of its levels.
You visited the Abyss 1 time.

You collected 7938 gold pieces.
You spent 189 gold pieces at shops.
You paid 6473 gold pieces to Gozag.

Inventory:

Missiles
 c - 3 throwing nets
 e - 9 javelins
 l - 2 boomerangs
 y - 13 large rocks (quivered)
 F - a curare-tipped dart
 G - 17 poisoned darts
Armour
 b - a +1 hat (worn)
 t - a +2 cloak of cold resistance (worn)
 H - a +2 animal skin (worn)
Jewellery
 j - a ring of resist corrosion (right claw)
 m - an amulet of magic regeneration
 n - a ring of see invisible (left claw)
 w - a +6 ring of dexterity
 P - an amulet of the acrobat (around neck)
Wands
 v - a wand of quicksilver (3)
 z - a wand of mindburst (34)
 D - a wand of flame (71)
 I - a wand of polymorph (9)
 J - a wand of paralysis (7)
 M - a wand of iceblast (10)
Scrolls
 d - 8 scrolls of teleportation
 i - 3 scrolls of immolation
 k - 2 scrolls of torment
 o - 2 scrolls of vulnerability {unknown}
 q - 2 scrolls of blinking
 u - 2 scrolls of fog
 A - 2 scrolls of poison
 B - a scroll of silence
 E - a scroll of revelation {unknown}
 O - 5 scrolls of fear {unknown}
 Q - 3 scrolls of brand weapon {unknown}
Potions
 f - 3 potions of attraction
 g - 4 potions of enlightenment
 h - 10 potions of haste
 p - a potion of invisibility
 r - 2 potions of lignification
 s - 4 potions of curing
 x - 7 potions of heal wounds
 N - a potion of ambrosia {unknown}
 S - a potion of resistance {unknown}
Miscellaneous
 a - a sack of spiders


   Skills:
 + Level 12.4 Fighting
 - Level 15.0 Throwing
 - Level 10.0 Dodging
 - Level 15.0 Unarmed Combat


You had 14 spell levels left.
You didn't know any spells.
Your spell library contained the following spells:

 Spells                   Type           Power      Damage    Failure   Level
 Kiss of Death            Conj/Necr      0%         2d5       50%         1
 Call Canine Familiar     Summ           0%         N/A       86%         3
 Confusing Touch          Hex            0%         N/A       86%         3
 Ignite Poison            Fire/Tmut/Pois 0%         N/A       86%         3
 Inner Flame              Hex/Fire       0%         N/A       86%         3
 Portal Projectile        Hex/Tloc       0%         N/A       86%         3
 Dispel Undead            Necr           0%         3d6       99%         4
 Flame Wave               Conj/Fire      0%         2d4       99%         4
 Leda's Liquefaction      Hex/Erth       0%         N/A       99%         4
 Sticky Flame             Conj/Fire      0%         2d3       99%         4
 Yara's Violent Unravell  Hex/Tmut       0%         3d3       100%        5
 Enfeeble                 Hex            0%         N/A       100%        7
 Ignition                 Fire           0%         3d3       100%        8


Dungeon Overview and Level Annotations

Branches:
Dungeon (15/15)            Temple (0/1) D:6            Lair (5/5) D:8
 Shoals (0/4) Lair:2       Spider (1/4) Lair:2        Slime (0/5) Lair:4
    Orc (0/2) D:11         Vaults (0/5) D:13         Depths (0/4) D:15

Altars:
Ashenzari
Dithmenos
Elyvilon
Gozag
Nemelex Xobeh
Qazlal
Uskayaw
Vehumet
Wu Jian
Jiyva

Shops:
D:9 *

Annotations:
D:4 1 runed translucent door, bobarctor's ghost, amateur DsNe
D:8 1 runed translucent door, cforsyth's ghost, novice OgSh
D:10 3 runed translucent doors, osoart's ghost, novice FeSh
D:12 1 runed translucent door
Lair:4 exclusion: oklob plant
Spider:1 1 runed translucent door, drugrobin's ghost, journeyman DgDe


Innate Abilities, Weirdness & Mutations

You are too large for most types of armour.
You have claws for hands.
Your natural rate of healing is unusually fast.
You are covered in fur. (AC +1)
You have tough skin. (AC +1)


Message History

The redback poisons you!
The redback bites you but does no damage. x2
You feel better. The redback barely misses you. The redback bites you!
* * * LOW HITPOINT WARNING * * *
You are poisoned.
The redback poisons you! The redback bites you.
* * * LOW HITPOINT WARNING * * *
You claw the redback!
You kill the redback!
* * * LOW HITPOINT WARNING * * *
You feel very sick. The redback bites you!
* * * LOW HITPOINT WARNING * * *
You feel much better.
You feel extremely sick. The redback barely misses you. The redback bites you.
* * * LOW HITPOINT WARNING * * *
You feel better. The redback bites you.
* * * LOW HITPOINT WARNING * * *
You are poisoned.
The redback poisons you!
You mangle the redback!!
The redback is almost dead.
You feel extremely sick. The redback bites you.
* * * LOW HITPOINT WARNING * * *
The redback closely misses you.
Unknown command.
You miss the redback.
The redback is almost dead.
* * * LOW HITPOINT WARNING * * *
You feel very sick. The redback bites you.
* * * LOW HITPOINT WARNING * * *
You are more poisoned.
The redback poisons you!
You eviscerate the redback!!!
You kill the redback!
You die...
Your body crumbles into a pile of gold.

#......## ...
#.......## ....
.##........ ....
...#...... .....
.........##.....
..........(..#
............#
.(.....$@.# .#......$##
#$......## ##.......##
#....$...# ##.....####
#......#.#####
#>........#..##
#.....#..............##


There were no monsters in sight!

Vanquished Creatures
  Kirke (D:12)
  Frances (D:12)
  Donald (Spider:1)
  A ghost moth (Spider:1)
  An ettin (D:15)
  4 hydras
  A radroach (Spider:1)
  A catoblepas (Lair:5)
  5 boulder beetles
  4 centaur warriors
  5 tengu warriors
  6 two-headed ogres
  2 demonic crawlers (Spider:1)
  Nergalle (D:11)
  7 death yaks
  A skyshark (Lair:5)
  2 pharaoh ants (Spider:1)
  A shadow wraith (Abyss:2)
  A bog body (Lair:3)
  2 orb spiders (Spider:1)
  A deep elf pyromancer (D:15)
  2 wizards
  3 necromancers
  An orc knight (D:15)
  4 wolf spiders
  4 manticores
  A steelbarb worm (Spider:1)
  6 ugly things
  A moth of wrath (Spider:1)
  An orc sorcerer (D:15)
  7 cyclopes
  11 elephants
  A torpor snail (Lair:5)
  4 black mambas
  A merfolk siren (Lair:2)
  15 cane toads
  An unseen horror (D:10)
  7 komodo dragons
  A gargoyle (D:12)
  5 rime drakes
  Psyche (D:8)
  A kobold demonologist (D:13)
  2 ice devils (Lair:3)
  A tengu conjurer (D:14)
  An anaconda simulacrum (Lair:3)
  14 polar bears
  A hornet (D:5)
  A troll (D:13)
  3 meliai (D:11)
  Grinder (D:3)
  5 tarantellas
  5 raiju (Lair:5)
  A blink frog (shapeshifter) (D:14)
  11 blink frogs
  5 culicivoras (Spider:1)
  4 jumping spiders (Spider:1)
  11 slime creatures
  A wraith (D:14)
  2 wyverns
  3 basilisks
  41 yaks
  A death yak simulacrum (Lair:3)
  3 vampire mosquitoes (D:11)
  Grum (D:8)
  16 redbacks
  5 wargs
  16 water moccasins
  2 acid dragons
  Duvessa (D:5)
  12 hell hounds (Lair:5)
  2 sky beasts (D:8)
  9 orc warriors
  13 black bears
  3 ogres
  5 ice beasts (D:8)
  14 centaurs
  43 wolves
  2 kobold brigands (D:8)
  13 bullfrogs
  A gnoll sergeant (D:11)
  A two-headed ogre simulacrum (Lair:3)
  A cane toad simulacrum (Lair:3)
  2 scorpions
  13 wights
  Dowan (D:5)
  2 killer bees (D:8)
  3 electric eels
  4 howler monkeys
  7 hounds
  5 jellies
  9 orc priests
  3 sleepcaps
  Jessica (D:2)
  An iguana (D:5)
  15 orc wizards
  Natasha (thrice) (D:3)
  A troll simulacrum (Lair:3)
  4 gnolls (D:11)
  A naga simulacrum (Lair:3)
  7 adders
  A shadow imp (D:7)
  3 white imps
  An ufetubus (D:7)
  A worm (D:4)
  3 dart slugs
  47 orcs
  6 ball pythons
  10 endoplasms
  A giant cockroach (D:4)
  15 goblins
  8 hobgoblins
  14 kobolds
  2 quokkas
  6 bats
  4 frilled lizards
  5 rats
613 creatures vanquished.

Vanquished Creatures (others)
  2 humans (D:12)
  An orc priest (D:12)
  An orc wizard (D:9)
4 creatures vanquished.

Grand Total: 617 creatures vanquished

Notes
Turn   | Place    | Note
-------+----------+-------------------------------------------
     0 | D:1      | experimilk the Troll Gladiator began the quest for the Orb.
     0 | D:1      | Reached XP level 1. HP: 19/19 MP: 0/0
   371 | D:1      | Reached XP level 2. HP: 27/27 MP: 1/1
  1839 | D:2      | Reached XP level 3. HP: 33/33 MP: 2/2
  2147 | D:2      | Noticed Jessica
  2151 | D:2      | Killed Jessica
  2394 | D:2      | Reached skill level 5 in Unarmed Combat
  2394 | D:2      | Reached XP level 4. HP: 41/41 MP: 3/3
  2911 | D:3      | Noticed Grinder
  2918 | D:3      | Paralysed by Grinder for 2 turns
  2924 | D:3      | Killed Grinder
  2925 | D:3      | Reached XP level 5. HP: 20/48 MP: 4/4
  2925 | D:3      | Reached XP level 6. HP: 23/55 MP: 5/5
  3206 | D:3      | Noticed Natasha
  3214 | D:3      | Killed Natasha
  3901 | D:3      | Noticed Natasha
  3908 | D:3      | Killed Natasha
  4099 | D:3      | Noticed Natasha
  4103 | D:3      | Killed Natasha
  4196 | D:3      | Found an opulent altar of Gozag.
  4196 | D:3      | Found a sparkling altar of Nemelex Xobeh.
  4203 | D:3      | Became a worshipper of Gozag Ym Sagoz the Greedy
  4702 | D:4      | Reached XP level 7. HP: 39/62 MP: 6/6
  4954 | D:4      | Found a runed translucent door.
  4958 | D:4      | Noticed bobarctor's ghost (amateur DsNe)
  5176 | D:5      | Entered Level 5 of the Dungeon
  5226 | D:5      | Noticed Duvessa
  5231 | D:5      | Noticed Dowan
  5244 | D:5      | Killed Duvessa
  5254 | D:5      | Killed Dowan
  5520 | D:5      | Found a broken altar of Ashenzari.
  5628 | D:5      | Reached skill level 10 in Unarmed Combat
  5628 | D:5      | Reached XP level 8. HP: 64/70 MP: 7/7
  5839 | D:5      | Found a white marble altar of Elyvilon.
  5839 | D:5      | Found a radiant altar of Vehumet.
  6013 | D:5      | Found a hide-covered altar of Uskayaw.
  6014 | D:5      | Noticed a hornet
  6019 | D:5      | Killed a hornet
  6181 | D:6      | Reached skill level 5 in Fighting
  6181 | D:6      | Found a staircase to the Ecumenical Temple.
  6794 | D:6      | Reached XP level 9. HP: 87/89 MP: 8/8
  8883 | D:8      | Reached skill level 5 in Throwing
  8948 | D:8      | Noticed a polar bear
  8971 | D:8      | Killed a polar bear
  8972 | D:8      | Reached XP level 10. HP: 78/102 MP: 9/9
  9698 | D:8      | Found a staircase to the Lair.
 10073 | D:8      | Noticed Psyche
 10207 | D:8      | Killed Psyche
 10562 | D:8      | Noticed Grum
 10571 | D:8      | Killed Grum
 10918 | D:8      | Found a runed translucent door.
 10920 | D:8      | Noticed cforsyth's ghost (novice OgSh)
 10925 | D:8      | Identified the +5 trident of Pismuzo {heavy, rC+ Will+
                  | Dex+2}
 12065 | D:8      | Reached skill level 10 in Throwing
 12991 | D:9      | Reached XP level 11. HP: 102/109 MP: 10/10
 13515 | D:9      | Found Duawacuj's Assorted Antiques.
 13629 | D:9      | Bought a scroll of identify for 54 gold pieces
 13629 | D:9      | Bought a scroll of identify for 54 gold pieces
 13634 | D:9      | Bought a potion of attraction for 81 gold pieces
 13862 | D:10     | Entered Level 10 of the Dungeon
 13925 | D:10     | Found an ornate altar of the Wu Jian Council.
 13950 | D:10     | Noticed a two-headed ogre
 13959 | D:10     | Killed a two-headed ogre
 14306 | D:10     | Found a runed translucent gate.
 14306 | D:10     | Found a runed translucent gate.
 14306 | D:10     | Found a runed translucent gate.
 14311 | D:10     | Noticed osoart's ghost (novice FeSh)
 14790 | D:10     | Identified a scroll of acquirement
 14793 | D:10     | Acquired 863 gold pieces
 14920 | Lair:1   | Entered Level 1 of the Lair of Beasts
 15972 | Lair:1   | Reached skill level 5 in Dodging
 16498 | Lair:2   | Found a hole to the Spider Nest.
 16601 | Lair:2   | Noticed a six-headed hydra
 17471 | Lair:3   | Reached XP level 12. HP: 103/118 MP: 11/11
 18026 | Lair:2   | Upgraded the game from 0.31-a0-426-g3a05650e59 to
                  | 0.31-a0-431-g88bdf31460
 18125 | Lair:2   | Killed an eight-headed hydra
 18545 | Lair:2   | Found a staircase to the Shoals.
 18560 | Lair:2   | Reached skill level 15 in Unarmed Combat
 18928 | Lair:3   | Noticed a death yak
 18937 | Lair:3   | Killed a death yak
 20723 | Lair:4   | Found a staircase to the Slime Pits.
 20724 | Lair:4   | Found a viscous altar of Jiyva.
 20797 | Lair:4   | Reached XP level 13. HP: 101/127 MP: 12/12
 21364 | Lair:5   | Entered Level 5 of the Lair of Beasts
 24223 | Lair:5   | Reached XP level 14. HP: 85/141 MP: 13/13
 26480 | D:11     | Found a staircase to the Orcish Mines.
 26559 | D:11     | Reached skill level 10 in Dodging
 27054 | D:12     | Reached skill level 10 in Fighting
 27335 | D:12     | Noticed Kirke
 27347 | D:12     | Killed Kirke
 27620 | D:12     | Noticed Nergalle
 27630 | D:11     | Killed Nergalle
 27682 | D:12     | Noticed Frances
 27696 | D:12     | Killed Frances
 27807 | D:12     | Found a runed translucent door.
 28774 | D:13     | Found a gate to the Vaults.
 29644 | D:14     | Found a stormy altar of Qazlal.
 30118 | D:14     | Reached skill level 15 in Throwing
 30392 | D:14     | Reached XP level 15. HP: 149/149 MP: 14/14
 30551 | D:15     | Entered Level 15 of the Dungeon
 30583 | D:15     | Found a shadowy altar of Dithmenos.
 30872 | Abyss:2  | Cast into level 2 of the Abyss (a wizard)
 30885 | Abyss:2  | Found a corrupted altar of Lugonu.
 30924 | D:15     | Escaped the Abyss
 31893 | D:15     | Found a staircase to the Depths.
 32526 | Spider:1 | Entered Level 1 of the Spider Nest
 32639 | Lair:2   | HP: 5/154 [tarantella (14)]
 33047 | Spider:1 | Noticed Donald
 34130 | Spider:1 | Killed Donald
 34244 | Spider:1 | Found a runed translucent door.
 34245 | Spider:1 | Noticed drugrobin's ghost (journeyman DgDe)
 35312 | Spider:1 | Succumbed to a redback's poison

Illustrated notes

Levels and vault maps discovered:
D:1:      dpeg_arrival_signposts, layout_rooms, minmay_octomino_e4
D:2:      layout_rooms, st_stairs_8, uniq_jessica
D:3:      kennysheep_the_goblin_king, layout_basic,
          grunt_temple_overflow_opulence, hex_tiny, minmay_misc_feat_cross,
          nicolae_concentric_dashed_squares_wild, uniq_grinder, uniq_natasha
D:4:      layout_cave_pools, ebering_ghost_sewer_d
D:5:      layout_rooms, nicolae_uskayaw_dance_hall,
          mainiacjoe_overflow_concentric_impassable,
          gammafunk_temple_overflow_elements, uniq_duvessa
D:6:      layout_gridville, minmay_temple_entry_ruins
D:7:      layout_loops_ring
D:8:      minmay_polygon_palace, layout_basic, hellmonk_lair_entry_icy,
          ebering_ghost_funeral_grove, uniq_grum, uniq_psyche
D:9:      layout_loops_corners, serial_shops, shop
D:10:     layout_loops_ring, nzn_wu_jian_council_hall, gammafunk_ghost_spectres
D:11:     layout_roguey, erik_orc_4
D:12:     layout_gridville, lightli_church_of_beogh, uniq_frances, uniq_kirke,
          uniq_nergalle
D:13:     layout_rooms, david_vaults_1
D:14:     layout_long_grid, nicolae_qazlal_general_emergency
D:15:     hangedman_depths_entry_civil_slaughter, layout_gridville,
          grunt_dithmenos_smoke
Lair:1:   layout_hall_layers
Lair:2:   layout_roguey, elwin_shoals_entry_rooms, dummy_spider_entry
Lair:3:   dreamdust_isle_of_ice, layout_small_grid, grunt_megastairs_2
Lair:4:   layout_regular_city, slime_entry_1, minmay_lair_oklob_bushes
Lair:5:   hangedman_lair_caniforms_friends, layout_hall_layers,
          nicolae_lair_liquid_snakes
Spider:1: layout_spider_delve, ebering_ghost_inner_flame,
          hangedman_spider_tarantella_strand, uniq_donald

Skill      XL: |  1  2  3  4  5  6  7  8  9 10 11 12 13 14 15 |
---------------+----------------------------------------------+-----
Unarmed Combat | 4 5 7 8 10 13 15 | 15.0
Fighting       | 6 7 8 9 10 12 | 12.4
Throwing       | 6 10 11 15 | 15.0
Dodging        | 3 5 7 9 10 | 10.0

Action                     |  1- 3 |  4- 6 |  7- 9 | 10-12 | 13-15 || total
---------------------------+-------+-------+-------+-------+-------++-------
  Melee: Unarmed           |    59 |    89 |   221 |   574 |   707 ||  1650
         Punch             |     2 |     2 |    10 |    41 |    77 ||   132
  Throw: Large rock        |     4 |     1 |     5 |     2 |   123 ||   135
         Boomerang         |    22 |    21 |       |       |    39 ||    82
         Stone             |       |    34 |       |    15 |       ||    49
         Dart              |       |       |     3 |    28 |    47 ||    78
         Javelin           |       |       |       |       |    39 ||    39
 Invoke: Potion Petition   |       |       |       |     5 |    11 ||    16
  Evoke: Wand              |       |     7 |     1 |     3 |     5 ||    16
    Use: Scroll            |     3 |     3 |     9 |    15 |     1 ||    31
         Potion            |       |       |       |     2 |    10 ||    12
   Stab: Sleeping          |       |       |     2 |     4 |       ||     6
         Distracted        |       |       |     3 |     5 |     2 ||    10
         Invisible         |       |       |       |     5 |     2 ||     7
         Petrified         |       |       |       |       |     2 ||     2
 Armour: Robe              |    31 |    30 |    62 |    37 |       ||   160
         Animal skin       |       |       |       |   102 |   188 ||   290
         Skin              |       |       |       |       |    46 ||    46
  Dodge: Dodged            |    48 |    37 |    84 |   265 |   551 ||   985

Table legend: (Time is in decaauts)
 A = Elapsed time spent in this place.
 B = Non-inter-level travel time spent in this place.
 C = Inter-level travel time spent in this place.
 D = Time resting spent in this place.
 E = Time spent auto-exploring this place.
 F = Levels seen in this place.
 G = Mean time per level.
                   A        B        C        D        E       F      G
               +--------+--------+--------+--------+--------+-----+--------+
         Total |  34897 |  32849 |   2048 |  16189 |   8751 |  22 | 1586.2 |
       Dungeon |  22268 |  20597 |   1671 |   9314 |   6986 |  15 | 1484.5 |
          Lair |  11312 |  10936 |    376 |   6082 |   1688 |   5 | 2262.4 |
   Spider Nest |   1264 |   1264 |      0 |    783 |     77 |   1 | 1264.0 |
         Abyss |     51 |     51 |      0 |      9 |      0 |   1 |   51.0 |
               +--------+--------+--------+--------+--------+-----+--------+

Top non-repeatable levels by time:
     D:8: 4627 daAuts
  Lair:2: 3237 daAuts
  Lair:5: 2532 daAuts
  Lair:3: 2140 daAuts
    D:11: 1942 daAuts
  Lair:1: 1756 daAuts
     D:1: 1655 daAuts
  Lair:4: 1644 daAuts
    D:14: 1569 daAuts
     D:3: 1492 daAuts
     D:9: 1447 daAuts
    D:15: 1374 daAuts
Spider:1: 1264 daAuts
     D:6: 1220 daAuts
     D:2: 1194 daAuts
